3260 views
Uploaded 2019-12-01 20:39:27
Game version 1.32.0.2 / 1.32.0.2.1
33:30 long 4on4 ladder game on (8)MarketSquare
Saved by BEARAND
3260 views
Uploaded 2019-12-01 20:39:27
Game version 1.32.0.2 / 1.32.0.2.1
33:30 long 4on4 ladder game on (8)MarketSquare


226 units @ 36.4k
/ 3.9k
116 buildings @ 13.4k
/ 5.5k
| Peon | 6 | 450 | / | 0 |
| total: | 6 | 450g | / | 0w |
| Altar of Storms | 2 | 360 | / | 100 |
| Orc Burrow | 1 | 160 | / | 40 |
| Barracks | 1 | 180 | / | 50 |
| total: | 4 | 700g | / | 190w |
| 0:02 | Peon |
| 0:03 | Peon |
| 0:05 | Altar of Storms |
| 0:09 | Altar of Storms |
| 0:13 | Orc Burrow |
| 0:21 | Peon |
| 0:29 | Barracks |
| 0:38 | Peon |
| 1:01 | Peon |
| 1:22 | Peon |
| Select | 17 |
| Right click | 10 |
| Build/train/purchase | 7 |
| Remove unit | 2 |



| Orb of Lightning | 1 | 375 |
| Boots of Speed | 1 | 250 |
| total: | 2 | 625g |
| Peon | 13 | 975 | / | 0 |
| Grunt | 30 | 6000 | / | 0 |
| Troll Headhunter | 7 | 980 | / | 140 |
| Demolisher | 12 | 2640 | / | 600 |
| Wind Rider | 3 | 795 | / | 120 |
| total: | 65 | 11390g | / | 860w |
| Watch Tower | 8 | 880 | / | 640 |
| Altar of Storms | 1 | 180 | / | 50 |
| Barracks | 2 | 360 | / | 100 |
| War Mill | 2 | 410 | / | 0 |
| Orc Burrow | 10 | 1600 | / | 400 |
| Voodoo Lounge | 1 | 130 | / | 30 |
| Great Hall | 1 | 385 | / | 185 |
| Beastiary | 2 | 290 | / | 280 |
| Spirit Lodge | 2 | 300 | / | 300 |
| Tauren Totem | 2 | 270 | / | 310 |
| Stronghold | 1 | 315 | / | 190 |
| Fortress | 1 | 325 | / | 190 |
| total: | 31 | 4805g | / | 2295w |
| 0:06 | Peon |
| 0:11 | Altar of Storms |
| 0:19 | Peon |
| 0:19 | Peon |
| 0:45 | Barracks |
| 1:04 | War Mill |
| 1:21 | Orc Burrow |
| 1:58 | Peon |
| 1:59 | Peon |
| 2:28 | Orc Burrow |
| 2:43 | Peon |
| 3:00 | Orc Burrow |
| 3:11 | Grunt |
| 3:14 | Grunt |
| 3:35 | Watch Tower |
| 3:51 | Feral Spirit |
| 3:58 | Barracks |
| 4:09 | Grunt |
| 4:36 | Steel Melee Weapons |
| 4:51 | Voodoo Lounge |
| 4:59 | Grunt |
| 5:16 | Watch Tower |
| 6:32 | Orc Burrow |
| 6:40 | Orc Burrow |
| 6:46 | Orc Burrow |
| 7:06 | Far Sight |
| 7:39 | Steel Armor |
| 7:43 | Stronghold |
| 7:49 | Watch Tower |
| 7:52 | Watch Tower |
| 8:55 | Feral Spirit |
| 9:25 | War Mill |
| 9:30 | Watch Tower |
| 9:33 | Grunt |
| 9:34 | Grunt |
| 9:34 | Grunt |
| 9:36 | Grunt |
| 9:47 | Spiked Barricades |
| 9:55 | Grunt |
| 10:14 | Thorium Melee Weapons |
| 10:29 | Fortress |
| 10:45 | Berserker Strength |
| 11:42 | Thorium Armor |
| 12:20 | Chain Lighting |
| 13:09 | Grunt |
| 13:09 | Grunt |
| 13:09 | Grunt |
| 14:32 | Improved Spiked Barricades |
| 14:47 | Great Hall |
| 15:02 | Reinforced Defenses |
| 15:40 | Healing Wave |
| 16:07 | Watch Tower |
| 16:13 | Orb of Lightning |
| 16:28 | Arcanite Melee Weapons |
| 16:48 | Pillage |
| 17:36 | Peon |
| 17:36 | Peon |
| 17:36 | Peon |
| 17:37 | Peon |
| 17:51 | Orc Burrow |
| 18:35 | Peon |
| 18:35 | Peon |
| 18:37 | Peon |
| 18:44 | Arcanite Armor |
| 19:00 | Watch Tower |
| 20:58 | Steel Ranged Weapons |
| 21:24 | Orc Burrow |
| 21:37 | Grunt |
| 21:37 | Grunt |
| 21:38 | Grunt |
| 21:38 | Grunt |
| 21:39 | Grunt |
| 21:40 | Grunt |
| 21:40 | Grunt |
| 21:41 | Grunt |
| 22:02 | Endurance Aura |
| 22:06 | Thorium Ranged Weapons |
| 22:09 | Troll Headhunter |
| 22:09 | Troll Headhunter |
| 22:09 | Troll Headhunter |
| 22:09 | Troll Headhunter |
| 22:09 | Troll Headhunter |
| 22:10 | Troll Headhunter |
| 22:10 | Troll Headhunter |
| 22:22 | Orc Burrow |
| 23:29 | Watch Tower |
| 26:00 | Feral Spirit |
| 27:23 | Grunt |
| 27:23 | Grunt |
| 27:23 | Grunt |
| 27:24 | Grunt |
| 27:25 | Grunt |
| 27:26 | Grunt |
| 27:27 | Grunt |
| 27:27 | Grunt |
| 27:27 | Grunt |
| 27:28 | Grunt |
| 28:18 | Beastiary |
| 28:25 | Beastiary |
| 28:31 | Spirit Lodge |
| 28:39 | Spirit Lodge |
| 28:52 | Orc Burrow |
| 29:43 | Tauren Totem |
| 29:49 | Tauren Totem |
| 30:06 | Endurance Aura |
| 31:18 | Burning Oil |
| 31:40 | Demolisher |
| 31:40 | Demolisher |
| 31:40 | Demolisher |
| 31:40 | Demolisher |
| 31:40 | Demolisher |
| 31:40 | Demolisher |
| 31:40 | Demolisher |
| 31:41 | Demolisher |
| 32:20 | Envenomed Spears |
| 32:21 | Wind Rider |
| 32:21 | Wind Rider |
| 32:22 | Wind Rider |
| 32:34 | Demolisher |
| 32:36 | Demolisher |
| 32:37 | Demolisher |
| 32:40 | Demolisher |
| 33:19 | Boots of Speed |
| Right click | 518 |
| Select | 462 |
| Build/train/purchase | 108 |
| Use ability | 15 |
| Remove unit | 3 |
| Item give/drop | 1 |
| Esc | 1 |

| Orb of Fire | 1 | 325 |
| total: | 1 | 325g |
| Peasant | 19 | 1425 | / | 0 |
| Footman | 26 | 3510 | / | 0 |
| Rifleman | 14 | 2870 | / | 420 |
| Priest | 4 | 540 | / | 40 |
| Gryphon Rider | 7 | 1960 | / | 490 |
| Knight | 16 | 3920 | / | 960 |
| Grunt | 5 | 1000 | / | 0 |
| total: | 91 | 15225g | / | 1910w |
| Scout Tower | 2 | 60 | / | 40 |
| Arcane Tower | 2 | 140 | / | 100 |
| Barracks | 1 | 160 | / | 60 |
| Altar of Kings | 1 | 180 | / | 50 |
| Farm | 15 | 1200 | / | 300 |
| Lumber Mill | 3 | 360 | / | 0 |
| Blacksmith | 3 | 420 | / | 180 |
| Town Hall | 2 | 770 | / | 410 |
| Arcane Vault | 1 | 130 | / | 30 |
| Gryphon Aviary | 1 | 140 | / | 150 |
| Arcane Sanctum | 1 | 150 | / | 140 |
| Keep | 1 | 320 | / | 210 |
| Castle | 1 | 360 | / | 210 |
| War Mill | 1 | 205 | / | 0 |
| Orc Burrow | 4 | 640 | / | 160 |
| Stronghold | 2 | 630 | / | 380 |
| total: | 35 | 4415g | / | 1520w |
| 0:07 | Peasant |
| 0:07 | Peasant |
| 0:13 | Barracks |
| 0:17 | Altar of Kings |
| 0:23 | Farm |
| 0:39 | Peasant |
| 0:39 | Peasant |
| 1:14 | Peasant |
| 1:28 | Farm |
| 1:29 | Farm |
| 1:31 | Farm |
| 1:43 | Lumber Mill |
| 1:53 | Blacksmith |
| 2:30 | Footman |
| 2:30 | Footman |
| 2:30 | Footman |
| 2:30 | Footman |
| 2:54 | Footman |
| 2:54 | Footman |
| 2:56 | Footman |
| 3:52 | Farm |
| 3:54 | Farm |
| 3:55 | Farm |
| 3:56 | Farm |
| 4:06 | Mirror Image |
| 4:15 | War Mill |
| 4:18 | Orc Burrow |
| 4:18 | Orc Burrow |
| 4:19 | Orc Burrow |
| 4:20 | Orc Burrow |
| 4:24 | Grunt |
| 4:24 | Grunt |
| 4:24 | Grunt |
| 4:24 | Grunt |
| 4:24 | Grunt |
| 4:31 | Stronghold |
| 4:43 | Flame Strike |
| 4:53 | Footman |
| 4:53 | Footman |
| 4:57 | Keep |
| 5:46 | Footman |
| 5:46 | Footman |
| 5:46 | Footman |
| 5:46 | Footman |
| 5:55 | Blacksmith |
| 6:07 | Lumber Mill |
| 6:13 | Lumber Mill |
| 6:33 | Footman |
| 6:33 | Footman |
| 6:33 | Footman |
| 6:42 | Blacksmith |
| 7:12 | Farm |
| 7:18 | Farm |
| 7:19 | Farm |
| 7:20 | Farm |
| 7:41 | Rifleman |
| 7:42 | Rifleman |
| 7:42 | Rifleman |
| 7:45 | Black Gunpowder |
| 7:45 | Iron Forged Swords |
| 8:03 | Steel Forged Swords |
| 8:04 | Iron Plating |
| 8:12 | Long Rifles |
| 8:36 | Peasant |
| 8:36 | Peasant |
| 8:36 | Peasant |
| 8:36 | Peasant |
| 9:13 | Improved Lumber Harvesting |
| 9:16 | Refined Gunpowder |
| 9:16 | Studded Leather Armor |
| 9:50 | Siphon Mana |
| 10:17 | Town Hall |
| 10:58 | Flame Strike |
| 11:28 | Gryphon Aviary |
| 11:33 | Arcane Sanctum |
| 11:42 | Scout Tower |
| 11:43 | Scout Tower |
| 11:51 | Farm |
| 12:03 | Peasant |
| 12:05 | Peasant |
| 12:18 | Arcane Tower |
| 12:40 | Arcane Tower |
| 12:46 | Rifleman |
| 12:46 | Rifleman |
| 12:46 | Rifleman |
| 12:46 | Rifleman |
| 12:46 | Rifleman |
| 12:48 | Footman |
| 12:48 | Footman |
| 12:48 | Footman |
| 12:48 | Footman |
| 12:48 | Footman |
| 13:29 | Arcane Vault |
| 13:52 | Castle |
| 14:03 | Priest |
| 14:03 | Priest |
| 15:15 | Mithril Forged Swords |
| 16:24 | Gryphon Rider |
| 16:24 | Gryphon Rider |
| 16:25 | Gryphon Rider |
| 16:26 | Gryphon Rider |
| 16:30 | Knight |
| 16:30 | Knight |
| 16:33 | Footman |
| 16:33 | Footman |
| 16:33 | Footman |
| 16:33 | Footman |
| 16:34 | Footman |
| 17:20 | Advanced Lumber Harvesting |
| 17:36 | Backpack |
| 18:18 | Banish |
| 19:04 | Peasant |
| 19:04 | Peasant |
| 19:04 | Peasant |
| 19:08 | Peasant |
| 19:14 | Animal War Training |
| 19:14 | Sundering Blades |
| 19:18 | Knight |
| 19:18 | Knight |
| 19:18 | Knight |
| 19:18 | Knight |
| 19:18 | Knight |
| 20:39 | Storm Hammers |
| 21:47 | Gryphon Rider |
| 21:47 | Gryphon Rider |
| 21:47 | Gryphon Rider |
| 22:03 | Siphon Mana |
| 22:15 | Town Hall |
| 24:02 | Steel Plating |
| 24:18 | Orb of Fire |
| 24:44 | Farm |
| 24:45 | Farm |
| 24:51 | Peasant |
| 24:51 | Peasant |
| 24:51 | Peasant |
| 24:51 | Peasant |
| 25:44 | Knight |
| 25:44 | Knight |
| 25:44 | Knight |
| 27:34 | Knight |
| 27:35 | Knight |
| 27:35 | Knight |
| 27:35 | Knight |
| 27:35 | Knight |
| 27:35 | Knight |
| 27:38 | Rifleman |
| 27:39 | Rifleman |
| 27:39 | Rifleman |
| 27:39 | Rifleman |
| 27:39 | Rifleman |
| 27:39 | Rifleman |
| 27:45 | Priest |
| 27:45 | Priest |
| Right click | 1068 |
| Select | 245 |
| Build/train/purchase | 122 |
| Use ability | 30 |
| Select group | 28 |
| Assign group | 26 |
| Remove unit | 4 |
| Minimap ping | 2 |



| Scroll of Regeneration | 4 | 400 |
| Lesser Clarity Potion | 3 | 210 |
| Potion of Healing | 4 | 600 |
| Orb of Fire | 1 | 325 |
| Potion of Mana | 1 | 200 |
| Scroll of Town Portal | 1 | 350 |
| Periapt of Vitality | 1 | 325 |
| Boots of Speed | 1 | 250 |
| total: | 16 | 2660g |
| Peasant | 19 | 1425 | / | 0 |
| Footman | 18 | 2430 | / | 0 |
| Rifleman | 10 | 2050 | / | 300 |
| Priest | 2 | 270 | / | 20 |
| Flying Machine | 3 | 300 | / | 90 |
| Mortar Team | 2 | 360 | / | 140 |
| Knight | 9 | 2205 | / | 540 |
| Forest Troll High Priest | 1 | 305 | / | 40 |
| total: | 64 | 9345g | / | 1130w |
| Scout Tower | 20 | 600 | / | 400 |
| Arcane Tower | 6 | 420 | / | 300 |
| Guard Tower | 7 | 490 | / | 350 |
| Barracks | 1 | 160 | / | 60 |
| Farm | 18 | 1440 | / | 360 |
| Altar of Kings | 1 | 180 | / | 50 |
| Lumber Mill | 1 | 120 | / | 0 |
| Town Hall | 1 | 385 | / | 205 |
| Blacksmith | 1 | 140 | / | 60 |
| Arcane Vault | 1 | 130 | / | 30 |
| Cannon Tower | 5 | 600 | / | 500 |
| Workshop | 1 | 140 | / | 140 |
| Arcane Sanctum | 1 | 150 | / | 140 |
| Keep | 1 | 320 | / | 210 |
| Castle | 1 | 360 | / | 210 |
| total: | 46 | 3445g | / | 1445w |
| 0:19 | Peasant |
| 0:19 | Peasant |
| 0:29 | Barracks |
| 0:38 | Farm |
| 0:41 | Peasant |
| 0:50 | Altar of Kings |
| 1:03 | Peasant |
| 1:11 | Peasant |
| 1:16 | Peasant |
| 1:20 | Farm |
| 1:38 | Footman |
| 1:51 | Peasant |
| 2:05 | Peasant |
| 2:15 | Farm |
| 2:18 | Footman |
| 2:18 | Footman |
| 2:30 | Pocket Factory |
| 2:43 | Footman |
| 2:51 | Peasant |
| 2:52 | Peasant |
| 2:56 | Farm |
| 2:56 | Farm |
| 3:05 | Footman |
| 3:53 | Footman |
| 3:53 | Footman |
| 4:00 | Lumber Mill |
| 4:41 | Cluster Rockets |
| 4:45 | Peasant |
| 4:47 | Footman |
| 4:47 | Footman |
| 5:06 | Farm |
| 5:16 | Town Hall |
| 5:27 | Scout Tower |
| 5:31 | Scout Tower |
| 5:37 | Footman |
| 5:37 | Footman |
| 5:40 | Improved Masonry |
| 6:05 | Scout Tower |
| 6:08 | Scout Tower |
| 6:12 | Scout Tower |
| 6:14 | Arcane Tower |
| 6:48 | Cluster Rockets |
| 6:54 | Peasant |
| 6:58 | Scout Tower |
| 7:00 | Scout Tower |
| 7:01 | Scout Tower |
| 7:02 | Scout Tower |
| 7:28 | Forest Troll High Priest |
| 7:37 | Arcane Tower |
| 7:48 | Guard Tower |
| 7:50 | Arcane Tower |
| 7:55 | Keep |
| 7:57 | Guard Tower |
| 8:33 | Guard Tower |
| 8:37 | Blacksmith |
| 8:40 | Engineering Upgrade |
| 9:26 | Arcane Vault |
| 9:43 | Guard Tower |
| 9:44 | Arcane Tower |
| 10:03 | Scout Tower |
| 10:05 | Scout Tower |
| 10:08 | Scout Tower |
| 10:21 | Scroll of Regeneration |
| 10:25 | Lesser Clarity Potion |
| 10:42 | Workshop |
| 10:45 | Rifleman |
| 10:45 | Rifleman |
| 10:45 | Rifleman |
| 11:00 | Arcane Sanctum |
| 11:13 | Guard Tower |
| 11:17 | Footman |
| 11:30 | Arcane Tower |
| 11:49 | Brilliance Aura |
| 11:57 | Footman |
| 11:57 | Footman |
| 11:59 | Studded Leather Armor |
| 12:02 | Iron Plating |
| 12:03 | Black Gunpowder |
| 12:47 | Advanced Masonry |
| 13:17 | Blizzard |
| 13:49 | Cluster Rockets |
| 13:58 | Periapt of Vitality |
| 13:59 | Boots of Speed |
| 14:09 | Scroll of Town Portal |
| 14:20 | Footman |
| 14:20 | Footman |
| 14:21 | Rifleman |
| 14:23 | Castle |
| 14:25 | Priest |
| 14:25 | Priest |
| 14:26 | Magic Sentry |
| 14:26 | Priest Adept Training |
| 14:30 | Flying Machine |
| 14:30 | Flying Machine |
| 14:30 | Mortar Team |
| 14:30 | Mortar Team |
| 14:34 | Improved Lumber Harvesting |
| 14:44 | Refined Gunpowder |
| 15:11 | Farm |
| 15:11 | Farm |
| 15:16 | Farm |
| 15:17 | Farm |
| 15:20 | Farm |
| 15:23 | Farm |
| 18:24 | Cannon Tower |
| 18:28 | Scout Tower |
| 18:31 | Scout Tower |
| 18:34 | Scout Tower |
| 18:41 | Scout Tower |
| 18:42 | Scout Tower |
| 18:53 | Iron Forged Swords |
| 18:54 | Steel Plating |
| 18:54 | Imbued Gunpowder |
| 18:57 | Knight |
| 18:57 | Knight |
| 18:57 | Long Rifles |
| 18:59 | Flying Machine Bombs |
| 19:00 | Flying Machine |
| 19:01 | Imbued Masonry |
| 19:07 | Cannon Tower |
| 19:13 | Farm |
| 19:14 | Farm |
| 19:44 | Scout Tower |
| 19:45 | Scout Tower |
| 20:58 | Brilliance Aura |
| 22:05 | Scroll of Regeneration |
| 22:10 | Scroll of Regeneration |
| 22:10 | Potion of Healing |
| 22:16 | Cannon Tower |
| 22:35 | Scout Tower |
| 22:38 | Farm |
| 22:40 | Farm |
| 22:43 | Arcane Tower |
| 22:46 | Cannon Tower |
| 22:48 | Guard Tower |
| 22:56 | Potion of Healing |
| 22:59 | Potion of Healing |
| 23:00 | Orb of Fire |
| 23:17 | Rifleman |
| 23:18 | Rifleman |
| 23:18 | Footman |
| 23:18 | Footman |
| 24:01 | Peasant |
| 24:01 | Peasant |
| 24:01 | Peasant |
| 24:02 | Peasant |
| 24:40 | Knight |
| 24:40 | Knight |
| 24:41 | Rifleman |
| 24:49 | Flame Strike |
| 25:01 | Guard Tower |
| 25:14 | Cannon Tower |
| 27:19 | Robo-Goblin |
| 27:31 | Lesser Clarity Potion |
| 27:46 | Peasant |
| 27:46 | Peasant |
| 27:46 | Peasant |
| 28:55 | Rifleman |
| 28:55 | Rifleman |
| 28:55 | Rifleman |
| 28:55 | Knight |
| 28:55 | Knight |
| 28:56 | Knight |
| 28:56 | Knight |
| 29:02 | Lesser Clarity Potion |
| 29:03 | Potion of Mana |
| 29:03 | Potion of Healing |
| 29:41 | Farm |
| 29:44 | Farm |
| 31:47 | Knight |
| 31:57 | Scroll of Regeneration |
| Right click | 635 |
| Select | 530 |
| Build/train/purchase | 175 |
| Use ability | 53 |
| Chat | 13 |
| Item give/drop | 9 |
| Minimap ping | 6 |
| Remove unit | 5 |
102 units @ 14.3k
/ 2.1k
292 buildings @ 16.5k
/ 8.7k

| Orb of Corruption | 1 | 375 |
| Scroll of Town Portal | 1 | 350 |
| Orb of Fire | 1 | 325 |
| total: | 3 | 1050g |
| Acolyte | 2 | 150 | / | 0 |
| Ghoul | 4 | 480 | / | 0 |
| Crypt Fiend | 13 | 2795 | / | 520 |
| Obsidian Statue | 5 | 1000 | / | 175 |
| Abomination | 7 | 1680 | / | 490 |
| Frost Wyrm | 5 | 1925 | / | 600 |
| Necromancer | 5 | 725 | / | 100 |
| total: | 41 | 8755g | / | 1885w |
| Nerubian Tower | 2 | 200 | / | 40 |
| Spirit Tower | 7 | 1015 | / | 280 |
| Altar of Darkness | 1 | 180 | / | 50 |
| Crypt | 1 | 200 | / | 50 |
| Ziggurat | 19 | 2850 | / | 950 |
| Graveyard | 1 | 215 | / | 0 |
| Tomb of Relics | 1 | 130 | / | 30 |
| Slaughterhouse | 1 | 140 | / | 135 |
| Temple of the Damned | 1 | 155 | / | 140 |
| Sacrificial Pit | 1 | 75 | / | 150 |
| Boneyard | 1 | 175 | / | 200 |
| Halls of the Dead | 1 | 320 | / | 210 |
| Black Citadel | 1 | 325 | / | 230 |
| total: | 27 | 4120g | / | 1705w |
| 0:04 | Acolyte |
| 0:04 | Acolyte |
| 0:17 | Altar of Darkness |
| 0:22 | Crypt |
| 0:39 | Ziggurat |
| 1:28 | Ghoul |
| 1:28 | Ghoul |
| 1:46 | Ghoul |
| 1:48 | Ghoul |
| 1:58 | Graveyard |
| 2:20 | Ziggurat |
| 3:06 | Death Coil |
| 3:40 | Crypt Fiend |
| 3:40 | Crypt Fiend |
| 3:41 | Crypt Fiend |
| 3:41 | Crypt Fiend |
| 5:21 | Unholy Aura |
| 6:32 | Halls of the Dead |
| 6:41 | Ziggurat |
| 6:43 | Ziggurat |
| 6:45 | Ziggurat |
| 6:46 | Ziggurat |
| 8:31 | Crypt Fiend |
| 8:32 | Crypt Fiend |
| 8:33 | Crypt Fiend |
| 8:59 | Death Coil |
| 9:29 | Nerubian Tower |
| 9:31 | Spirit Tower |
| 9:37 | Slaughterhouse |
| 9:45 | Temple of the Damned |
| 10:39 | Web |
| 10:43 | Black Citadel |
| 10:56 | Tomb of Relics |
| 11:03 | Ziggurat |
| 11:04 | Ziggurat |
| 11:05 | Ziggurat |
| 11:09 | Ziggurat |
| 11:10 | Ziggurat |
| 12:12 | Spirit Tower |
| 12:17 | Spirit Tower |
| 12:20 | Obsidian Statue |
| 12:20 | Obsidian Statue |
| 12:23 | Obsidian Statue |
| 13:03 | Unholy Aura |
| 13:49 | Sacrificial Pit |
| 14:00 | Abomination |
| 14:00 | Abomination |
| 14:54 | Cannibalize |
| 15:05 | Disease Cloud |
| 16:21 | Boneyard |
| 17:12 | Death Coil |
| 18:04 | Ziggurat |
| 18:06 | Ziggurat |
| 18:07 | Ziggurat |
| 18:08 | Ziggurat |
| 18:09 | Ziggurat |
| 18:16 | Ziggurat |
| 18:18 | Ziggurat |
| 18:19 | Ziggurat |
| 18:52 | Ghoul Frenzy |
| 19:26 | Nerubian Tower |
| 19:33 | Spirit Tower |
| 19:34 | Spirit Tower |
| 19:35 | Spirit Tower |
| 19:40 | Spirit Tower |
| 22:05 | Freezing Breath |
| 22:06 | Frost Wyrm |
| 22:46 | Orb of Fire |
| 23:07 | Orb of Corruption |
| 23:10 | Frost Wyrm |
| 23:17 | Creature Attack |
| 23:22 | Crypt Fiend |
| 23:55 | Abomination |
| 23:55 | Abomination |
| 23:57 | Crypt Fiend |
| 24:14 | Necromancer |
| 24:14 | Necromancer |
| 24:17 | Crypt Fiend |
| 24:17 | Crypt Fiend |
| 24:29 | Necromancer |
| 24:47 | Obsidian Statue |
| 24:48 | Obsidian Statue |
| 25:11 | Abomination |
| 25:19 | Abomination |
| 25:37 | Scroll of Town Portal |
| 26:49 | Animate Dead |
| 27:32 | Frost Wyrm |
| 27:32 | Frost Wyrm |
| 28:40 | Necromancer |
| 28:40 | Necromancer |
| 28:47 | Frost Wyrm |
| 30:25 | Abomination |
| 30:26 | Crypt Fiend |
| 31:04 | Crypt Fiend |
| Right click | 1017 |
| Select group | 378 |
| Select | 334 |
| Build/train/purchase | 79 |
| Assign group | 53 |
| Use ability | 27 |
| Chat | 7 |
| Misc. action | 6 |
| Remove unit | 3 |
| Esc | 2 |
iggythefisk
(33:37) : 


| Staff of Sanctuary | 3 | 750 |
| Orb of Fire | 2 | 650 |
| Boots of Speed | 3 | 750 |
| Staff of Teleportation | 3 | 450 |
| Circlet of Nobility | 2 | 350 |
| total: | 13 | 2950g |
| Peasant | 18 | 1350 | / | 0 |
| Priest | 1 | 135 | / | 10 |
| Sorceress | 1 | 155 | / | 20 |
| total: | 20 | 1640g | / | 30w |
| Scout Tower | 60 | 1800 | / | 1200 |
| Arcane Tower | 8 | 560 | / | 400 |
| Guard Tower | 32 | 2240 | / | 1600 |
| Altar of Kings | 1 | 180 | / | 50 |
| Farm | 3 | 240 | / | 60 |
| Lumber Mill | 1 | 120 | / | 0 |
| Arcane Vault | 3 | 390 | / | 90 |
| Town Hall | 1 | 385 | / | 205 |
| Arcane Sanctum | 1 | 150 | / | 140 |
| Keep | 1 | 320 | / | 210 |
| Castle | 1 | 360 | / | 210 |
| total: | 70 | 3265g | / | 1745w |
| 0:02 | Peasant |
| 0:08 | Altar of Kings |
| 0:10 | Peasant |
| 0:19 | Farm |
| 0:22 | Peasant |
| 0:30 | Peasant |
| 0:48 | Lumber Mill |
| 0:49 | Peasant |
| 1:03 | Farm |
| 1:06 | Peasant |
| 1:15 | Scout Tower |
| 1:23 | Arcane Vault |
| 1:24 | Peasant |
| 1:31 | Scout Tower |
| 1:45 | Peasant |
| 1:54 | Peasant |
| 2:00 | Arcane Tower |
| 2:06 | Peasant |
| 2:10 | Storm Bolt |
| 2:19 | Guard Tower |
| 2:20 | Scout Tower |
| 2:23 | Peasant |
| 2:24 | Peasant |
| 2:39 | Peasant |
| 3:17 | Scout Tower |
| 3:17 | Scout Tower |
| 3:19 | Scout Tower |
| 3:23 | Peasant |
| 3:42 | Scout Tower |
| 4:01 | Arcane Tower |
| 4:02 | Guard Tower |
| 4:02 | Guard Tower |
| 4:05 | Guard Tower |
| 4:30 | Town Hall |
| 4:34 | Scout Tower |
| 4:35 | Scout Tower |
| 4:41 | Scout Tower |
| 4:48 | Improved Masonry |
| 5:01 | Guard Tower |
| 5:02 | Bash |
| 5:18 | Guard Tower |
| 5:19 | Scout Tower |
| 5:21 | Scout Tower |
| 5:40 | Keep |
| 5:41 | Guard Tower |
| 5:42 | Scout Tower |
| 5:43 | Scout Tower |
| 6:21 | Scout Tower |
| 6:22 | Scout Tower |
| 6:23 | Scout Tower |
| 6:23 | Scout Tower |
| 6:24 | Guard Tower |
| 6:28 | Guard Tower |
| 6:29 | Guard Tower |
| 6:29 | Peasant |
| 6:29 | Peasant |
| 6:30 | Peasant |
| 6:34 | Guard Tower |
| 6:36 | Arcane Vault |
| 6:38 | Scout Tower |
| 6:38 | Scout Tower |
| 6:45 | Farm |
| 6:51 | Scout Tower |
| 7:17 | Guard Tower |
| 7:17 | Guard Tower |
| 7:33 | Scout Tower |
| 7:34 | Scout Tower |
| 7:34 | Scout Tower |
| 7:34 | Scout Tower |
| 7:54 | Arcane Tower |
| 8:08 | Advanced Masonry |
| 8:08 | Improved Lumber Harvesting |
| 8:13 | Arcane Sanctum |
| 8:38 | Guard Tower |
| 8:39 | Scout Tower |
| 8:42 | Scout Tower |
| 8:43 | Scout Tower |
| 8:45 | Scout Tower |
| 8:45 | Scout Tower |
| 8:46 | Scout Tower |
| 9:03 | Holy Light |
| 9:08 | Guard Tower |
| 9:10 | Storm Bolt |
| 9:16 | Peasant |
| 9:48 | Castle |
| 9:54 | Arcane Tower |
| 9:58 | Storm Bolt |
| 10:00 | Boots of Speed |
| 10:01 | Staff of Teleportation |
| 10:03 | Boots of Speed |
| 10:09 | Magic Sentry |
| 11:04 | Priest Adept Training |
| 11:05 | Priest |
| 11:06 | Guard Tower |
| 11:25 | Guard Tower |
| 11:27 | Scout Tower |
| 11:27 | Scout Tower |
| 11:39 | Scout Tower |
| 11:39 | Scout Tower |
| 11:41 | Scout Tower |
| 11:58 | Scout Tower |
| 11:59 | Scout Tower |
| 11:59 | Scout Tower |
| 12:00 | Scout Tower |
| 12:00 | Scout Tower |
| 12:01 | Scout Tower |
| 12:09 | Divine Shield |
| 12:21 | Guard Tower |
| 12:24 | Guard Tower |
| 12:26 | Scout Tower |
| 12:26 | Scout Tower |
| 12:27 | Scout Tower |
| 12:32 | Arcane Vault |
| 12:57 | Arcane Tower |
| 12:59 | Guard Tower |
| 13:29 | Siphon Mana |
| 13:36 | Guard Tower |
| 13:37 | Scout Tower |
| 13:38 | Scout Tower |
| 13:55 | Bash |
| 14:09 | Priest Master Training |
| 14:10 | Imbued Masonry |
| 14:11 | Guard Tower |
| 14:31 | Guard Tower |
| 14:38 | Guard Tower |
| 14:57 | Guard Tower |
| 15:00 | Scout Tower |
| 15:01 | Scout Tower |
| 15:01 | Scout Tower |
| 15:05 | Advanced Lumber Harvesting |
| 15:27 | Boots of Speed |
| 15:27 | Staff of Teleportation |
| 16:27 | Circlet of Nobility |
| 16:51 | Holy Light |
| 16:57 | Staff of Sanctuary |
| 16:57 | Orb of Fire |
| 17:00 | Staff of Sanctuary |
| 17:30 | Scout Tower |
| 17:30 | Scout Tower |
| 17:31 | Scout Tower |
| 17:31 | Scout Tower |
| 17:32 | Scout Tower |
| 17:32 | Scout Tower |
| 18:12 | Banish |
| 18:39 | Guard Tower |
| 18:56 | Sorceress Adept Training |
| 18:56 | Sorceress |
| 19:19 | Arcane Tower |
| 19:19 | Guard Tower |
| 19:20 | Guard Tower |
| 20:22 | Arcane Tower |
| 20:23 | Guard Tower |
| 20:23 | Guard Tower |
| 20:28 | Scout Tower |
| 20:28 | Scout Tower |
| 20:30 | Scout Tower |
| 20:30 | Scout Tower |
| 20:50 | Staff of Teleportation |
| 21:00 | Guard Tower |
| 21:12 | Orb of Fire |
| 21:35 | Staff of Sanctuary |
| 23:40 | Siphon Mana |
| 24:27 | Circlet of Nobility |
| 25:17 | Divine Shield |
| 25:29 | Storm Bolt |
| 30:28 | Banish |
| 30:59 | Sorceress Master Training |
| 31:01 | Arcane Tower |
| 32:43 | Holy Light |
| Right click | 1867 |
| Select group | 1468 |
| Select | 415 |
| Assign group | 340 |
| Use ability | 143 |
| Build/train/purchase | 120 |
| Chat | 75 |
| Misc. action | 49 |
| Resource trade | 23 |
| Item give/drop | 8 |
| Minimap ping | 3 |



| Staff of Sanctuary | 4 | 1000 |
| Orb of Fire | 2 | 650 |
| Boots of Speed | 3 | 750 |
| Staff of Teleportation | 4 | 600 |
| Orb of Corruption | 2 | 750 |
| total: | 15 | 3750g |
| Peasant | 18 | 1350 | / | 0 |
| Priest | 1 | 135 | / | 10 |
| Dragonhawk Rider | 2 | 400 | / | 60 |
| total: | 21 | 1885g | / | 70w |
| Scout Tower | 68 | 2040 | / | 1360 |
| Guard Tower | 42 | 2940 | / | 2100 |
| Arcane Tower | 6 | 420 | / | 300 |
| Altar of Kings | 1 | 180 | / | 50 |
| Farm | 4 | 320 | / | 80 |
| Lumber Mill | 1 | 120 | / | 0 |
| Arcane Vault | 2 | 260 | / | 60 |
| Town Hall | 1 | 385 | / | 205 |
| Barracks | 1 | 160 | / | 60 |
| Blacksmith | 1 | 140 | / | 60 |
| Arcane Sanctum | 1 | 150 | / | 140 |
| Gryphon Aviary | 2 | 280 | / | 300 |
| Keep | 2 | 640 | / | 420 |
| Castle | 2 | 720 | / | 420 |
| total: | 82 | 4035g | / | 2315w |
| 0:03 | Peasant |
| 0:03 | Peasant |
| 0:07 | Altar of Kings |
| 0:21 | Farm |
| 0:31 | Peasant |
| 0:37 | Peasant |
| 0:49 | Lumber Mill |
| 1:01 | Farm |
| 1:14 | Peasant |
| 1:21 | Scout Tower |
| 1:23 | Scout Tower |
| 1:33 | Arcane Vault |
| 1:34 | Peasant |
| 1:43 | Peasant |
| 1:51 | Peasant |
| 1:56 | Peasant |
| 2:07 | Blizzard |
| 2:23 | Guard Tower |
| 2:27 | Peasant |
| 2:29 | Arcane Tower |
| 2:34 | Scout Tower |
| 2:47 | Peasant |
| 2:51 | Scout Tower |
| 3:01 | Guard Tower |
| 3:02 | Scout Tower |
| 3:04 | Scout Tower |
| 3:05 | Scout Tower |
| 3:06 | Peasant |
| 3:07 | Peasant |
| 3:08 | Peasant |
| 3:09 | Improved Masonry |
| 3:09 | Advanced Masonry |
| 3:50 | Guard Tower |
| 3:51 | Guard Tower |
| 3:55 | Keep |
| 4:23 | Brilliance Aura |
| 4:29 | Guard Tower |
| 4:30 | Guard Tower |
| 4:31 | Scout Tower |
| 4:33 | Scout Tower |
| 4:33 | Scout Tower |
| 4:39 | Farm |
| 4:40 | Farm |
| 5:26 | Guard Tower |
| 5:26 | Guard Tower |
| 5:28 | Scout Tower |
| 5:29 | Scout Tower |
| 5:29 | Scout Tower |
| 5:31 | Scout Tower |
| 5:32 | Scout Tower |
| 6:38 | Castle |
| 6:42 | Guard Tower |
| 6:43 | Guard Tower |
| 6:47 | Guard Tower |
| 6:48 | Guard Tower |
| 7:02 | Guard Tower |
| 7:22 | Storm Bolt |
| 7:23 | Imbued Masonry |
| 7:29 | Scout Tower |
| 7:29 | Scout Tower |
| 7:30 | Scout Tower |
| 7:30 | Scout Tower |
| 7:31 | Scout Tower |
| 7:31 | Scout Tower |
| 7:32 | Scout Tower |
| 7:33 | Scout Tower |
| 7:33 | Scout Tower |
| 7:35 | Scout Tower |
| 7:35 | Scout Tower |
| 7:35 | Scout Tower |
| 7:36 | Scout Tower |
| 7:36 | Scout Tower |
| 7:37 | Scout Tower |
| 7:37 | Scout Tower |
| 7:37 | Scout Tower |
| 7:56 | Improved Lumber Harvesting |
| 8:00 | Guard Tower |
| 8:01 | Guard Tower |
| 8:06 | Scout Tower |
| 8:06 | Guard Tower |
| 8:08 | Guard Tower |
| 8:12 | Scout Tower |
| 8:12 | Scout Tower |
| 8:49 | Guard Tower |
| 8:51 | Scout Tower |
| 8:52 | Scout Tower |
| 8:52 | Scout Tower |
| 8:52 | Scout Tower |
| 8:53 | Scout Tower |
| 8:53 | Scout Tower |
| 8:53 | Scout Tower |
| 8:54 | Scout Tower |
| 8:57 | Arcane Sanctum |
| 9:06 | Blizzard |
| 9:24 | Arcane Tower |
| 9:24 | Guard Tower |
| 9:54 | Peasant |
| 9:54 | Peasant |
| 9:54 | Peasant |
| 10:03 | Holy Light |
| 10:06 | Staff of Sanctuary |
| 10:06 | Staff of Sanctuary |
| 10:13 | Scout Tower |
| 10:45 | Town Hall |
| 11:27 | Magic Sentry |
| 11:28 | Priest |
| 11:32 | Guard Tower |
| 11:32 | Guard Tower |
| 11:41 | Boots of Speed |
| 11:53 | Peasant |
| 11:55 | Guard Tower |
| 11:56 | Guard Tower |
| 11:56 | Guard Tower |
| 12:03 | Boots of Speed |
| 12:03 | Staff of Teleportation |
| 12:09 | Staff of Teleportation |
| 12:15 | Arcane Vault |
| 12:53 | Scout Tower |
| 12:53 | Scout Tower |
| 12:57 | Scout Tower |
| 12:57 | Scout Tower |
| 12:59 | Scout Tower |
| 12:59 | Scout Tower |
| 13:00 | Scout Tower |
| 13:37 | Staff of Teleportation |
| 13:37 | Boots of Speed |
| 14:38 | Scout Tower |
| 14:38 | Scout Tower |
| 14:38 | Scout Tower |
| 14:39 | Scout Tower |
| 14:40 | Scout Tower |
| 14:41 | Scout Tower |
| 14:41 | Scout Tower |
| 14:43 | Scout Tower |
| 14:43 | Scout Tower |
| 14:44 | Scout Tower |
| 14:45 | Scout Tower |
| 14:45 | Scout Tower |
| 14:48 | Bash |
| 15:10 | Divine Shield |
| 15:37 | Arcane Tower |
| 15:37 | Arcane Tower |
| 15:39 | Guard Tower |
| 15:55 | Arcane Tower |
| 15:55 | Guard Tower |
| 16:58 | Staff of Teleportation |
| 17:18 | Guard Tower |
| 17:29 | Guard Tower |
| 18:00 | Scout Tower |
| 18:01 | Scout Tower |
| 18:01 | Scout Tower |
| 18:43 | Storm Bolt |
| 18:59 | Guard Tower |
| 19:00 | Guard Tower |
| 19:20 | Guard Tower |
| 19:23 | Scout Tower |
| 19:23 | Scout Tower |
| 19:48 | Holy Light |
| 20:12 | Staff of Sanctuary |
| 20:12 | Orb of Fire |
| 20:14 | Guard Tower |
| 20:39 | Guard Tower |
| 20:46 | Guard Tower |
| 21:04 | Staff of Sanctuary |
| 21:36 | Brilliance Aura |
| 23:42 | Guard Tower |
| 23:47 | Orb of Fire |
| 24:01 | Gryphon Aviary |
| 24:02 | Gryphon Aviary |
| 24:03 | Barracks |
| 24:03 | Blacksmith |
| 25:14 | Orb of Corruption |
| 25:14 | Orb of Corruption |
| 27:01 | Bash |
| 27:16 | Cloud |
| 28:23 | Divine Shield |
| 29:14 | Animal War Training |
| 29:15 | Iron Forged Swords |
| 30:41 | Dragonhawk Rider |
| 30:42 | Dragonhawk Rider |
| 30:43 | Steel Forged Swords |
| 30:43 | Studded Leather Armor |
| 30:56 | Priest Adept Training |
| Right click | 2628 |
| Select | 655 |
| Select group | 462 |
| Chat | 225 |
| Use ability | 141 |
| Build/train/purchase | 134 |
| Assign group | 8 |
| Item give/drop | 6 |
| Minimap ping | 5 |
| Misc. action | 2 |
| Esc | 1 |



| Staff of Sanctuary | 3 | 750 |
| Orb of Fire | 2 | 650 |
| Staff of Teleportation | 3 | 450 |
| Boots of Speed | 3 | 750 |
| Periapt of Vitality | 2 | 650 |
| total: | 13 | 3250g |
| Peasant | 16 | 1200 | / | 0 |
| Dragonhawk Rider | 4 | 800 | / | 120 |
| total: | 20 | 2000g | / | 120w |
| Scout Tower | 100 | 3000 | / | 2000 |
| Arcane Tower | 7 | 490 | / | 350 |
| Guard Tower | 32 | 2240 | / | 1600 |
| Altar of Kings | 1 | 180 | / | 50 |
| Farm | 4 | 320 | / | 80 |
| Lumber Mill | 1 | 120 | / | 0 |
| Arcane Vault | 1 | 130 | / | 30 |
| Town Hall | 2 | 770 | / | 410 |
| Blacksmith | 1 | 140 | / | 60 |
| Barracks | 1 | 160 | / | 60 |
| Arcane Sanctum | 1 | 150 | / | 140 |
| Gryphon Aviary | 1 | 140 | / | 150 |
| Keep | 1 | 320 | / | 210 |
| Castle | 1 | 360 | / | 210 |
| total: | 113 | 5110g | / | 2980w |
| 0:05 | Peasant |
| 0:05 | Peasant |
| 0:11 | Altar of Kings |
| 0:18 | Farm |
| 0:36 | Peasant |
| 0:36 | Peasant |
| 1:03 | Scout Tower |
| 1:12 | Lumber Mill |
| 1:20 | Farm |
| 1:23 | Peasant |
| 1:23 | Peasant |
| 1:49 | Arcane Tower |
| 1:53 | Peasant |
| 1:53 | Peasant |
| 1:59 | Scout Tower |
| 2:05 | Peasant |
| 2:20 | Blizzard |
| 2:21 | Peasant |
| 2:24 | Guard Tower |
| 2:28 | Scout Tower |
| 2:36 | Peasant |
| 2:56 | Guard Tower |
| 2:58 | Scout Tower |
| 2:59 | Scout Tower |
| 3:00 | Peasant |
| 3:01 | Peasant |
| 3:38 | Peasant |
| 3:41 | Guard Tower |
| 4:11 | Scout Tower |
| 4:12 | Guard Tower |
| 4:13 | Keep |
| 4:15 | Improved Masonry |
| 4:17 | Farm |
| 4:17 | Farm |
| 4:24 | Brilliance Aura |
| 4:33 | Scout Tower |
| 4:35 | Scout Tower |
| 4:36 | Scout Tower |
| 4:36 | Scout Tower |
| 4:39 | Scout Tower |
| 4:39 | Scout Tower |
| 4:40 | Scout Tower |
| 4:43 | Guard Tower |
| 4:45 | Scout Tower |
| 4:46 | Scout Tower |
| 6:28 | Guard Tower |
| 6:34 | Castle |
| 6:36 | Arcane Sanctum |
| 6:39 | Arcane Vault |
| 7:21 | Guard Tower |
| 7:31 | Scout Tower |
| 7:32 | Scout Tower |
| 7:35 | Storm Bolt |
| 7:47 | Staff of Teleportation |
| 7:47 | Boots of Speed |
| 8:05 | Advanced Masonry |
| 8:06 | Magic Sentry |
| 8:07 | Guard Tower |
| 8:08 | Scout Tower |
| 8:09 | Scout Tower |
| 8:23 | Staff of Teleportation |
| 8:31 | Boots of Speed |
| 8:44 | Blizzard |
| 9:24 | Town Hall |
| 9:49 | Guard Tower |
| 10:06 | Staff of Sanctuary |
| 10:14 | Orb of Fire |
| 10:17 | Holy Light |
| 10:38 | Scout Tower |
| 10:39 | Scout Tower |
| 10:39 | Scout Tower |
| 10:40 | Scout Tower |
| 10:40 | Scout Tower |
| 10:41 | Scout Tower |
| 10:42 | Scout Tower |
| 11:02 | Staff of Teleportation |
| 11:02 | Boots of Speed |
| 11:13 | Guard Tower |
| 11:36 | Guard Tower |
| 11:39 | Scout Tower |
| 11:39 | Scout Tower |
| 11:40 | Scout Tower |
| 11:41 | Scout Tower |
| 11:41 | Scout Tower |
| 11:42 | Scout Tower |
| 11:47 | Imbued Masonry |
| 11:49 | Scout Tower |
| 11:49 | Scout Tower |
| 11:50 | Scout Tower |
| 11:50 | Scout Tower |
| 11:51 | Scout Tower |
| 12:50 | Guard Tower |
| 12:51 | Guard Tower |
| 12:58 | Arcane Tower |
| 13:00 | Arcane Tower |
| 13:21 | Guard Tower |
| 13:26 | Guard Tower |
| 14:21 | Staff of Sanctuary |
| 14:22 | Orb of Fire |
| 14:26 | Bash |
| 14:59 | Scout Tower |
| 15:00 | Scout Tower |
| 15:00 | Scout Tower |
| 15:01 | Scout Tower |
| 15:01 | Scout Tower |
| 15:02 | Scout Tower |
| 15:06 | Scout Tower |
| 15:07 | Scout Tower |
| 15:07 | Scout Tower |
| 15:10 | Scout Tower |
| 15:11 | Scout Tower |
| 15:11 | Scout Tower |
| 15:12 | Scout Tower |
| 15:13 | Scout Tower |
| 15:14 | Scout Tower |
| 15:14 | Scout Tower |
| 15:54 | Divine Shield |
| 15:57 | Arcane Tower |
| 16:01 | Scout Tower |
| 16:01 | Scout Tower |
| 16:02 | Scout Tower |
| 16:04 | Improved Lumber Harvesting |
| 16:07 | Guard Tower |
| 16:10 | Guard Tower |
| 16:49 | Guard Tower |
| 16:51 | Peasant |
| 16:53 | Peasant |
| 16:54 | Guard Tower |
| 17:04 | Periapt of Vitality |
| 17:28 | Arcane Tower |
| 17:43 | Arcane Tower |
| 17:45 | Arcane Tower |
| 17:48 | Guard Tower |
| 18:34 | Storm Bolt |
| 18:39 | Brilliance Aura |
| 18:46 | Guard Tower |
| 19:11 | Gryphon Aviary |
| 19:13 | Blacksmith |
| 19:16 | Barracks |
| 19:17 | Guard Tower |
| 20:18 | Guard Tower |
| 20:23 | Scout Tower |
| 20:24 | Scout Tower |
| 20:24 | Scout Tower |
| 20:25 | Scout Tower |
| 20:49 | Holy Light |
| 22:34 | Studded Leather Armor |
| 22:35 | Cloud |
| 22:36 | Animal War Training |
| 23:46 | Bash |
| 23:47 | Staff of Sanctuary |
| 24:02 | Reinforced Leather Armor |
| 24:05 | Dragonhawk Rider |
| 24:05 | Dragonhawk Rider |
| 24:05 | Dragonhawk Rider |
| 24:07 | Dragonhawk Rider |
| 24:11 | Scout Tower |
| 24:11 | Scout Tower |
| 24:12 | Scout Tower |
| 24:12 | Scout Tower |
| 24:15 | Scout Tower |
| 24:16 | Scout Tower |
| 24:16 | Scout Tower |
| 24:17 | Scout Tower |
| 24:17 | Scout Tower |
| 24:21 | Scout Tower |
| 24:21 | Scout Tower |
| 24:22 | Scout Tower |
| 24:22 | Scout Tower |
| 24:23 | Scout Tower |
| 24:34 | Periapt of Vitality |
| 24:44 | Guard Tower |
| 25:49 | Devotion Aura |
| 26:19 | Guard Tower |
| 27:05 | Guard Tower |
| 27:23 | Scout Tower |
| 27:24 | Scout Tower |
| 27:24 | Scout Tower |
| 27:25 | Scout Tower |
| 27:26 | Scout Tower |
| 27:27 | Scout Tower |
| 29:22 | Town Hall |
| 29:23 | Guard Tower |
| 29:36 | Dragonhide Armor |
| 29:40 | Scout Tower |
| 29:41 | Scout Tower |
| 29:42 | Scout Tower |
| 29:43 | Scout Tower |
| 29:44 | Scout Tower |
| 29:45 | Scout Tower |
| 29:46 | Scout Tower |
| 29:46 | Scout Tower |
| 29:46 | Scout Tower |
| 29:47 | Scout Tower |
| 29:47 | Scout Tower |
| 29:49 | Brilliance Aura |
| 31:00 | Priest Adept Training |
| 31:00 | Sorceress Adept Training |
| 31:03 | Guard Tower |
| 31:06 | Scout Tower |
| 31:06 | Scout Tower |
| 31:07 | Scout Tower |
| 31:07 | Scout Tower |
| 31:09 | Scout Tower |
| 31:10 | Scout Tower |
| 31:10 | Scout Tower |
| 31:11 | Scout Tower |
| 31:12 | Scout Tower |
| 32:41 | Storm Bolt |
| 32:42 | Holy Light |
| 33:08 | Guard Tower |
| Right click | 2085 |
| Select group | 1700 |
| Select | 264 |
| Use ability | 147 |
| Build/train/purchase | 110 |
| Chat | 91 |
| Misc. action | 86 |
| Assign group | 15 |
| Minimap ping | 12 |
| Item give/drop | 6 |